 Dungeon Crawl Stone Soup version 0.29-a0-221-gceb61267dd (webtiles) character file.

Game seed: 12870953900741173789

1879 tilp the Destroyer (level 8, -12/36 HPs)
             Began as a Felid Ice Elementalist on Feb 26, 2022.
             Was a Follower of Vehumet.
             Mangled by Gastronok (29 damage)
             ... on level 8 of the Dungeon.
             The game lasted 00:21:24 (11701 turns).

tilp the Destroyer (Felid Ice Elementalist)        Turns: 11701, Time: 00:21:25

Health: -12/36     AC: 15    Str:  4    XL:     8   Next: 91%
Magic:  6/16       EV: 19    Int: 22    God:    Vehumet [*.....]
Gold:   883        SH:  0    Dex: 16    Spells: 2/17 levels left
                                        Lives:  0   Deaths: 3

rFire   x . .      SeeInvis +     - Unarmed
rCold   + . .      Faith    .   (shield unavailable)
rNeg    . . .      Spirit   .   (body armour unavailable)
rPois   .          Reflect  .   (helmet unavailable)
rElec   .          Harm     .   (cloak unavailable)
rCorr   .          Rampage  .   (gloves unavailable)
Will    +....                   (boots unavailable)
Stlth   +++.......              e - amulet of regeneration
HPRegen 0.92/turn               o - +4 ring of protection
MPRegen 0.15/turn               a - ring of ice

@: ice-armoured, freezing walls, quick
A: very small, claws 1, fangs 3, see invisible, speed 1, shaggy fur 2, stealthy
paws, no weapons or thrown items, no armour, multi-lived
a: Renounce Religion


You were on level 8 of the Dungeon.
You worshipped Vehumet.
Vehumet was aware of your devotion.
You visited 2 branches of the dungeon, and saw 9 of its levels.

You collected 883 gold pieces.

Inventory:

Jewellery
 a - a ring of ice (right paw)
 e - an amulet of regeneration (around neck)
 o - a +4 ring of protection (left paw)
Wands
 h - a wand of flame (8)
 j - a wand of mindburst (1)
 l - a wand of digging (26)
 r - a wand of paralysis (4)
Potions
 b - a potion of invisibility {unknown}
 d - 2 potions of cancellation
 f - 2 potions of attraction
 g - 3 potions of might
 k - a potion of mutation {unknown}
 m - a potion of flight {unknown}
 n - a potion of haste {unknown}
Miscellaneous
 p - a condenser vane (inert)


   Skills:
 + Level 4.4 Fighting
 + Level 4.6 Dodging
 + Level 6.5 Stealth
 + Level 4.4 Unarmed Combat
 + Level 5.2 Spellcasting
 + Level 8.2 Conjurations
 - Level 4.0 Translocations
 + Level 8.1 Ice Magic
 + Level 4.4 Evocations


You had 2 spell levels left.
You knew the following spells:

 Your Spells              Type           Power      Damage    Failure   Level
a - Freeze                Ice            100%       1d11      1%          1
b - Frozen Ramparts       Ice            100%       1d12      1%          3
c - Ozocubu's Armour      Ice            58%        N/A       1%          3
d - Hailstorm             Conj/Ice       58%        3d13      3%          4
e - Iskenderun's Mystic   Conj/Tloc      32%        2d8       8%          4

Your spell library contained the following spells:

 Spells                   Type           Power      Damage    Failure   Level
 Shock                    Conj/Air       92%        1d8       1%          1
 Animate Skeleton         Necr           10%        N/A       10%         1
 Pain                     Necr           20%        1d5       10%         1
 Corpse Rot               Necr/Air       10%        N/A       16%         2
 Poisonous Vapours        Pois/Air       10%        N/A       16%         2
 Fulminant Prism          Conj/Hex       11%        3d9       19%         4
 Confusing Touch          Hex            5%         N/A       30%         3
 Vampiric Draining        Necr           5%         2d6       30%         3
 Lee's Rapid Deconstruct  Erth           2%         3d6*      95%         5
 Yara's Violent Unravell  Hex/Tmut       2%         3d3       95%         5
 Enfeeble                 Hex            2%         N/A       100%        7


Dungeon Overview and Level Annotations

Branches:
Dungeon (8/15)             Temple (1/1) D:7
   Lair: D:8-11

Altars:
Ashenzari
Cheibriados
Dithmenos
Elyvilon
Fedhas
Hepliaklqana
Kikubaaqudgha
Makhleb
Nemelex Xobeh
Okawaru
Ru
Sif Muna
Trog
Uskayaw
Vehumet
Wu Jian
Xom
Yredelemnul
Zin
The Shining One

Annotations:
D:5 2 transporters, ma3's ghost, novice TrCK
D:8 Gastronok; Joseph


Innate Abilities, Weirdness & Mutations

You have sharp claws.
You have razor-sharp teeth.
You have supernaturally acute eyesight. (SInv)
You cover ground quickly. (Speed+)
You are covered in thick fur. (AC +2)
Your paws help you pounce on unaware monsters.
You are incapable of wielding weapons or throwing items.
You cannot wear armour.
You gain extra lives every three experience levels.


Message History

Ouch! That really hurt!
You die...
You are now level 8!
You rejoin the land of the living...
You see here a +0 hunting sling.
Unknown command.
No target in view!
No target in view!
The orc warrior shouts!
Casting: Freeze (safe; 1% risk of failure)
Confirm with . or Enter, or press ? or * to list all spells.
You feel a surge of power! A film of ice covers your body!
The orc warrior throws a stone.
The stone hits you but does no damage.
Gastronok waves his eye-stalks in wide circles.
The air twists around and strikes you!!
Ouch! That really hurt!
Casting: Ozocubu's Armour (safe; 1% risk of failure)
Confirm with . or Enter, or press ? or * to list all spells.
Casting: Frozen Ramparts (safe; 1% risk of failure)
Press: ? - help, Dir - look around, f - activate You feel a surge of power!
The walls around you are covered in ice.
The wall freezes Joseph.
Unknown command.
Unknown command.
Unknown command.
Casting: Frozen Ramparts (safe; 1% risk of failure)
Confirm with . or Enter, or press ? or * to list all spells.
The spell is quite dangerous to miscast (3% risk of failure)!
Continue anyway?
Casting: Hailstorm (quite dangerous; 3% risk of failure)
Press: ? - help, Dir - look around, f - activate You feel a surge of power!
A cannonade of hail descends around you!
The hail pelts Joseph!!
Joseph is moderately wounded.
The hail pelts the orc warrior!
The orc warrior is severely wounded.
The wall freezes Joseph!
The wall freezes Gastronok.
Gastronok bites you!!
Ouch! That really hurt!
You die...

@..).........#.#<#.#........# #)#
########..####.#.#.#.####.#####.#
.♣♣♣♣♣♣#....##.#.#..............#
≈.♣.♣.♣#..#.##.#...#.###.########
≈......#..#.##.#.###.# #.#
≈.♣.♣.♣#..#.##.#.# #.# #.######
.♣♣♣♣♣♣#..#.##.#.###)###......###
♣##### #..#.##'#.........#.##...#
.♣...♣♣#..#)#..w@####..#...#..#.#
...♣..♣#..#.#.o@.# #..#......#.#
#♣♣♣♣♣.#..#.#....# #..##....##.#
...♣..♣#..#.#....# #..##....##.#
.♣...♣♣#..#.##†### #...##..##..#
♣#######..#.##'## #...##..##..#
...♣...#..#.....# ##...####...#
.♣.♣.♣.#..#.....# ##..####..##
.♣.♣.♣.#..#.....# ##..##..##


You could see Gastronok, Joseph and an orc warrior.

Vanquished Creatures
  Harold (D:7)
  Erica (D:8)
  A death yak (D:8)
  Pikel (D:7)
  An unseen horror (D:8)
  2 kobold demonologists
  A jumping spider (shapeshifter) (D:8)
  Sigmund (D:6)
  2 yaks (D:8)
  A wraith (D:8)
  Eustachio (D:5)
  A vampire mosquito (D:8)
  Menkaure (D:7)
  3 water moccasins
  2 orc warriors
  2 black bears (D:5)
  2 ice beasts
  A centaur (D:7)
  A kobold brigand (D:6)
  3 bullfrogs
  2 scorpions (D:6)
  A wight (D:8)
  3 killer bees (D:7)
  A howler monkey (D:8)
  3 jellies
  A hound (D:3)
  5 orc priests
  6 iguanas
  7 orc wizards
  5 adders
  6 gnolls
  2 shadow imps
  2 white imps (D:6)
  2 ufetubi
  2 dart slugs
  30 orcs
  6 ball pythons
  7 endoplasms
  5 giant cockroaches
  6 goblins
  6 hobgoblins
  7 jackals
  2 quokkas
  8 bats
  3 frilled lizards
  11 kobolds
  8 rats
176 creatures vanquished.

Notes
Turn   | Place    | Note
-------+----------+-------------------------------------------
     0 | D:1      | tilp the Felid Ice Elementalist began the quest for the
                  | Orb.
     0 | D:1      | Reached XP level 1. HP: 7/7 MP: 4/4
   386 | D:1      | Reached XP level 2. HP: 11/11 MP: 6/6
   897 | D:1      | Found a faded altar of an unknown god.
  1149 | D:1      | Reached XP level 3. HP: 14/14 MP: 5/7
  1346 | D:2      | Learned a level 3 spell: Frozen Ramparts
  1474 | D:2      | Learned a level 3 spell: Ozocubu's Armour
  2001 | D:2      | Reached XP level 4. HP: 18/18 MP: 5/9
  2612 | D:3      | Reached skill level 5 in Ice Magic
  3079 | D:3      | Found a glowing silver altar of Zin.
  3378 | D:4      | Noticed an orc warrior
  3383 | D:4      | Killed an orc warrior
  3384 | D:4      | Reached XP level 5. HP: 21/21 MP: 1/10
  3469 | D:4      | Reached skill level 1 in Fighting
  3469 | D:4      | Gained mutation: You are covered in thick fur. (AC +2)
                  | [Felid growth]
  3469 | D:4      | Reached XP level 6. HP: 25/25 MP: 1/11
  3579 | D:4      | Reached skill level 1 in Unarmed Combat
  4373 | D:4      | Learned a level 4 spell: Hailstorm
  4397 | D:5      | Entered Level 5 of the Dungeon
  4400 | D:5      | Noticed a water moccasin
  4406 | D:5      | Killed a water moccasin
  4478 | D:5      | Found a transporter.
  4481 | D:5      | Noticed Eustachio
  4483 | D:5      | Found a transporter.
  4483 | D:5      | Noticed ma3's ghost (novice TrCK)
  4749 | D:5      | Reached skill level 1 in Evocations
  4749 | D:5      | Reached XP level 7. HP: 20/30 MP: 0/12
  6700 | D:6      | Noticed Sigmund
  6703 | D:6      | Killed Sigmund
  6704 | D:6      | Reached XP level 8. HP: 36/36 MP: 13/13
  6912 | D:6      | Reached skill level 5 in Stealth
  7299 | D:7      | Noticed Menkaure
  7535 | D:7      | Noticed Harold
  7543 | D:7      | Slain by Harold
  7544 | D:7      | Reached XP level 7. HP: 0/48 MP: 12/12
  7668 | D:7      | Killed Harold
  7669 | D:7      | Reached XP level 8. HP: 26/36 MP: 6/14
  7816 | D:7      | Killed Menkaure
  7946 | D:7      | Noticed a kobold demonologist
  7960 | D:7      | Found a staircase to the Ecumenical Temple.
  8028 | Temple   | Entered the Ecumenical Temple
  8263 | Temple   | Became a worshipper of Vehumet
  8321 | D:7      | Noticed Pikel
  8332 | D:7      | Killed Pikel
  8333 | D:7      | Reached skill level 5 in Conjurations
  8333 | D:7      | Reached XP level 9. HP: 33/39 MP: 1/17
  9086 | D:7      | Identified a scroll of acquirement
  9086 | D:7      | Acquired 573 gold pieces
  9186 | D:8      | Reached skill level 5 in Spellcasting
  9586 | D:8      | Noticed Erica
  9601 | D:8      | Killed Erica
  9893 | D:8      | Noticed a death yak
  9938 | D:8      | Noticed Gastronok
 10072 | D:8      | Learned a level 4 spell: Iskenderun's Mystic Blast
 10174 | D:8      | Noticed an unseen horror
 10174 | D:8      | Noticed a kobold demonologist
 10188 | D:8      | Killed an unseen horror
 10189 | D:8      | Reached skill level 1 in Translocations
 10224 | D:8      | Killed a kobold demonologist
 10225 | D:8      | Reached XP level 10. HP: 41/42 MP: 9/18
 10316 | D:8      | Reached * piety under Vehumet
 10316 | D:8      | Offered knowledge of Shock by Vehumet.
 10590 | D:8      | Noticed Joseph
 10623 | D:8      | Noticed a death yak
 10666 | D:8      | HP: 2/63 [death yak (8)]
 10667 | D:8      | Slain by a death yak
 10667 | D:8      | Killed a death yak
 10668 | D:8      | Reached XP level 9. HP: -1/58 MP: 0/17
 10798 | D:5      | Killed Eustachio
 11459 | D:7      | Noticed an orange demon
 11464 | D:7      | Killed a kobold demonologist
 11622 | D:8      | Noticed a death yak
 11684 | D:8      | Mangled by Gastronok
 11685 | D:8      | Reached XP level 8. HP: -11/36 MP: 2/16
 11701 | D:8      | Mangled by Gastronok

Illustrated notes

Levels and vault maps discovered:
D:1:      lordsloth_arrival_two_stooges, layout_basic,
          chequers_ecumenical_altar_simple_redux
D:2:      layout_loops_corners
D:3:      layout_basic, zin_academy, nrook_mini_vaults
D:4:      layout_loops_ring
D:5:      layout_layer_cave, gammafunk_ghost_arena,
          minmay_misc_feat_more_columns, uniq_eustachio
D:6:      layout_basic, uniq_sigmund
D:7:      layout_loops_ring, minmay_temple_entry_trees, uniq_harold,
          uniq_menkaure, uniq_pikel
D:8:      nzn_winding_woodlands_three_and_one
          [nzn_winding_woodlands_5x15_sidewinder,
          nzn_winding_woodlands_5x15_twine, nzn_winding_woodlands_5x15_pool,
          nzn_winding_woodlands_center_lodge], layout_basic, dpeg_lair_monsters,
          minmay_misc_feat_x, uniq_joseph, uniq_gastronok, uniq_erica
Temple:   mainiacjoe_temple_bowtie_tessellation

Skill      XL: |  1  2  3  4  5  6  7  8  9 10 |
---------------+-------------------------------+-----
Ice Magic      | 4 6 7 8 |  8.1
Spellcasting   | 3 4 5 |  5.2
Fighting       | 1 2 3 4 |  4.4
Dodging        | 3 4 |  4.6
Stealth        | 3 6 5 |  6.5
Unarmed Combat | 2 3 4 |  4.4
Evocations     | 1 4 3 |  4.4
Conjurations   | 3 5 8 |  8.2
Translocations | 4 3 |  4.0

Action                   |  1- 3 |  4- 6 |  7- 9 | 10-12 || total
-------------------------+-------+-------+-------+-------++-------
Melee: Unarmed           |     9 |    18 |    50 |    39 ||   116
       Bite              |       |     1 |     8 |     6 ||    15
       Punch             |       |       |       |     3 ||     3
 Cast: Freeze            |    45 |    29 |    60 |     2 ||   136
       Frozen Ramparts   |     6 |    15 |    43 |     2 ||    66
       Ozocubu's Armour  |       |     6 |    30 |     3 ||    39
       Hailstorm         |       |       |     6 |     2 ||     8
       Iskenderun's Myst |       |       |     3 |     3 ||     6
Evoke: Wand              |       |       |    25 |       ||    25
       Condenser vane    |       |       |       |     1 ||     1
  Use: Scroll            |     1 |     8 |     6 |     1 ||    16
       Potion            |       |       |     1 |     4 ||     5
 Stab: Sleeping          |     4 |     8 |     3 |       ||    15
       Paralysed         |       |       |     1 |       ||     1
Armor: Skin              |     6 |     2 |    29 |    10 ||    47
Dodge: Dodged            |    27 |    30 |   125 |    27 ||   209

Table legend: (Time is in decaauts)
 A = Elapsed time spent in this place.
 B = Non-inter-level travel time spent in this place.
 C = Inter-level travel time spent in this place.
 D = Time resting spent in this place.
 E = Time spent auto-exploring this place.
 F = Levels seen in this place.
 G = Mean time per level.
                   A        B        C        D        E       F      G
               +--------+--------+--------+--------+--------+-----+--------+
         Total |  10449 |   9901 |    548 |   2380 |   6096 |   9 | 1161.0 |
       Dungeon |  10243 |   9724 |    519 |   2380 |   5931 |   8 | 1280.4 |
        Temple |    206 |    177 |     29 |      0 |    165 |   1 |  206.0 |
               +--------+--------+--------+--------+--------+-----+--------+

Top non-repeatable levels by time:
     D:5: 1739 daAuts
     D:6: 1623 daAuts
     D:8: 1500 daAuts
     D:7: 1452 daAuts
     D:1: 1111 daAuts
     D:4: 1040 daAuts
     D:2: 980 daAuts
     D:3: 795 daAuts
  Temple: 206 daAuts
